 Dungeon Crawl Stone Soup version 0.30-a0-937-ga0a21ad780 (webtiles) character file.

Game seed: 4890401495864878236

83 arthad the Magician (level 4, -1/49 HPs)
             Began as a Djinni Fire Elementalist on Mar 24, 2023.
             Slain by Grinder (4 damage)
             ... on level 3 of the Dungeon.
             The game lasted 00:04:25 (1809 turns).

arthad the Magician (Djinni Fire Elementalist)      Turns: 1809, Time: 00:04:25

Health: -1/49      AC:  9    Str:  9    XL:     4   Next: 71%
Gold:   96         EV: 12    Int: 17    God:
                   SH:  0    Dex: 13

rFire   + + .      SeeInvis .    e - +2 dagger (protect)
rCold   x . .      Faith    .    (no shield)
rNeg    . . .      Spirit   .    a - +0 robe
rPois   ∞          Reflect  .    (no helmet)
rElec   .          Rampage  .    (no cloak)
rCorr   .                        (no gloves)
Will    .....                    (boots unavailable) Stlth
                                 (no amulet)
HPRegen 0.28/turn                (no ring)
MPRegen 0.00/turn                (no ring)

@: berserking (expiring), under a protective aura, flying, hasted, very quick
A: sickness immunity, fire resistance 2, cold vulnerability 1, float, innate
caster, HP casting, extra vitality 1
a: no special abilities


You were on level 3 of the Dungeon.
You visited 1 branch of the dungeon, and saw 3 of its levels.

You collected 96 gold pieces.

Inventory:

Hand Weapons
 e - a +2 dagger of protection (weapon)
Armour
 a - a +0 robe (worn)
 c - a +0 crystal plate armour
Jewellery
 i - a +6 ring of dexterity
 m - an amulet of faith
Scrolls
 f - 2 scrolls of identify {unknown}
 g - 2 scrolls of enchant armour {unknown}
 h - a scroll of fog {unknown}
 k - a scroll of noise {unknown}
 l - a scroll of teleportation {unknown}
Potions
 j - a potion of curing {unknown}


   Skills:
 * Level 2.1 Fighting
 + Level 2.8 Dodging
 + Level 2.1 Stealth
 * Level 3.0 Spellcasting


You knew the following spells:

 Your Spells              Type           Power      Damage    Failure   Level
a - Foxfire               Conj/Fire      48%        2x1d6     4%          1
b - Scorch                Fire           24%        2d6       8%          2
c - Kindle Blastsparks    Fire/Tloc/Air  24%        2d12      16%         3
d - Inner Flame           Hex/Fire       12%        N/A       16%         3
e - Flame Wave            Conj/Fire      12%        2d6       45%         4
f - Magic Dart            Conj           48%        1d5       4%          1
Your spell library was empty.

Dungeon Overview and Level Annotations

Branches:
Dungeon (3/15)

Altars:
Uskayaw

Annotations:
D:3 1 transporter, Grinder


Innate Abilities, Weirdness & Mutations

You are immune to sickness and miasma.
You are immune to poison.
Your flesh is very heat resistant. (rF++)
You are vulnerable to cold. (rC-)
You float through the air rather than walking.
You learn spells naturally, not from books.
Your magical power is your life essence.
You have superior vitality. (+4 MHP)


Message History

Grinder shouts!
Grinder is lightly wounded.
Grinder's fire resistance burns away.
Grinder drinks a potion.
Grinder seems to speed up.
You miscast Foxfire.
You are very lightly contaminated with residual magic.
Nothing appears to happen.
Grinder gestures at you.
You suddenly lose the ability to move!
Grinder is no longer more vulnerable to fire.
Grinder gestures at you.
You shrug off the repeated paralysis!
Grinder hits you.
You writhe in agony.
Grinder hits you. x2
You writhe in agony.
You can move again.
Unknown command.
Unknown command.
Unknown command.
Grinder gestures at you.
You shrug off the repeated paralysis!
You feel yourself speed up. Grinder hits you.
* * * LOW HITPOINT WARNING * * *
You writhe in agony.
* * * LOW HITPOINT WARNING * * *
Your magical contamination has completely faded away.
It was a potion of berserk rage.
A red film seems to cover your vision as you go berserk!
You feel yourself moving faster!
You feel mighty! Grinder misses you.
You are too berserk!
You puncture Grinder!
Your weapon exudes an aura of protection.
Grinder is moderately wounded.
Grinder blinks!
An endoplasm comes into view.
You are too berserk!
You feel a strong urge to attack something.
You barely miss Grinder.
Grinder is moderately wounded.
Grinder hits you.
You die...

..........#.# #.##........#
..........#.# #.##........#
##...#.##.#.####.##........#
#...#.. ...##..........>..#
#...#### ####.####.########
#...# #. #.# ###.##
.####.####.# ....
.....>5....# ####
#....J@.### #.#.###.# #...
#####


You could see Grinder (fast) and an endoplasm.

Vanquished Creatures
  2 adders (D:2)
  3 worms (D:2)
  A dart slug (D:1)
  2 ball pythons (D:1)
  2 bats (D:1)
  4 endoplasms
  3 giant cockroaches (D:1)
  11 goblins
  5 hobgoblins
  4 kobolds (D:2)
  2 quokkas (D:2)
  5 frilled lizards
  6 rats
50 creatures vanquished.

Vanquished Creatures (collateral kills)
  3 foxfires
3 creatures vanquished.

Vanquished Creatures (others)
  173 foxfires
  A plant (D:2)
174 creatures vanquished.

Grand Total: 227 creatures vanquished

Notes
Turn   | Place    | Note
-------+----------+-------------------------------------------
     0 | D:1      | arthad the Djinni Fire Elementalist began the quest for the
                  | Orb.
     0 | D:1      | arthad set off with the following spells memorised:
                  | Foxfire, Scorch, Kindle Blastsparks, Inner Flame, Flame
                  | Wave.
     0 | D:1      | Reached XP level 1. HP: 15/15 MP: 0/0
    90 | D:1      | Reached XP level 2. HP: 21/22 MP: 0/0
   234 | D:1      | Reached skill level 1 in Fighting
   307 | D:1      | Reached XP level 3. HP: 20/27 MP: 0/0
   307 | D:1      | Learned a level 1 spell: Magic Dart
   762 | D:2      | Found a hide-covered altar of Uskayaw.
   887 | D:2      | Reached XP level 4. HP: 10/33 MP: 0/0
  1221 | D:2      | Reached skill level 3 in Spellcasting
  1558 | D:2      | Found a faded altar of an unknown god.
  1675 | D:3      | Found a transporter.
  1795 | D:3      | Noticed Grinder
  1797 | D:3      | Paralysed by Grinder for 5 turns
  1803 | D:3      | HP: 1/33 [Grinder (3)]
  1809 | D:3      | Slain by Grinder

Illustrated notes

Levels and vault maps discovered:
D:1:      dpeg_arrival_long_road, layout_basic
D:2:      layout_basic, shapermc_ecumenical_altar_mp_ritualfount, basic_altar,
          minivault_24, nicolae_wormholes
D:3:      layout_loops_cross, gammafunk_ghost_arena, uniq_grinder

Skill      XL: |  1  2  3  4 |
---------------+-------------+-----
Fighting       | 1 2 |  2.1
Stealth        | 2 |  2.1
Spellcasting   | 3 |  3.0
Dodging        | |  2.8

Action                     |  1- 3 |  4- 6 || total
---------------------------+-------+-------++-------
  Melee: Dagger            |     3 |     7 ||    10
   Cast: Foxfire           |    65 |    36 ||   101
         Magic Dart        |       |     4 ||     4
         Scorch            |       |     1 ||     1
    Use: Potion            |       |     2 ||     2
 Armour: Robe              |     2 |     4 ||     6
  Dodge: Dodged            |    10 |     9 ||    19

Table legend: (Time is in decaauts)
 A = Elapsed time spent in this place.
 B = Non-inter-level travel time spent in this place.
 C = Inter-level travel time spent in this place.
 D = Time resting spent in this place.
 E = Time spent auto-exploring this place.
 F = Levels seen in this place.
 G = Mean time per level.
                   A        B        C        D        E       F      G
               +--------+--------+--------+--------+--------+-----+--------+
         Total |   1806 |   1750 |     56 |      0 |   1457 |   3 |  602.0 |
       Dungeon |   1806 |   1750 |     56 |      0 |   1457 |   3 |  602.0 |
               +--------+--------+--------+--------+--------+-----+--------+

Top non-repeatable levels by time:
     D:2: 909 daAuts
     D:1: 759 daAuts
     D:3: 136 daAuts
